 Dungeon Crawl Stone Soup version 0.29.1-13-g9f3cf754e1 (webtiles) character file.

Game seed: 7531535948387845122

49 javelincjr the Firebug (level 3, 0/24 HPs)
             Began as a Demonspawn Fire Elementalist on Jan 23, 2023.
             Slain by Ijyb
             ... wielding a +0 dagger
              (3 damage)
             ... on level 2 of the Dungeon.
             The game lasted 00:16:28 (2564 turns).

javelincjr the Firebug (DsFE)                       Turns: 2564, Time: 00:16:29

Health: 0/24       AC:  4    Str:  8    XL:     3   Next: 51%
Magic:  1/6        EV: 12    Int: 18    God:
Gold:   117        SH:  0    Dex: 13    Spells: 3/6 levels left

rFire   . . .      SeeInvis .   f - +0 spear
rCold   . . .      Faith    .   (no shield)
rNeg    . . .      Spirit   .   a - +0 robe
rPois   .          Reflect  .   e - +0 helmet
rElec   .          Harm     .   (no cloak)
rCorr   .          Rampage  .   n - +0 pair of gloves
Will    .....                   (no boots)
Stlth   ++........              g - amulet of regeneration
HPRegen 0.88/turn               (no ring)
MPRegen 0.10/turn               (no ring)

@: no status effects
A: powered by death 1
a: no special abilities


You were on level 2 of the Dungeon.
You visited 1 branch of the dungeon, and saw 3 of its levels.

You collected 117 gold pieces.

Inventory:

Hand Weapons
 c - a +0 whip
 f - a +0 spear (weapon)
Missiles
 j - 11 poisoned darts
Armour
 a - a +0 robe (worn)
 e - a +0 helmet (worn)
 n - a +0 pair of gloves (worn)
Jewellery
 g - an amulet of regeneration (around neck)
Scrolls
 i - 2 scrolls of identify {unknown}
 p - a scroll of magic mapping {unknown}
Potions
 b - a potion of magic
 d - a potion of heal wounds {unknown}
 h - 2 potions of attraction {unknown}
 k - a potion of might {unknown}
 l - a potion of ambrosia {unknown}
 m - a potion of curing {unknown}
 o - a potion of mutation {unknown}


   Skills:
 + Level 0.1 Fighting
 + Level 0.3 Polearms
 + Level 2.0 Dodging
 + Level 2.3 Stealth
 + Level 2.3 Spellcasting
 + Level 1.1 Conjurations
 + Level 3.4 Fire Magic


You had 3 spell levels left.
You knew the following spells:

 Your Spells              Type           Power      Damage    Failure   Level
a - Foxfire               Conj/Fire      40%        2x1d6     7%          1
b - Scorch                Fire           28%        2d6       7%          2

Your spell library contained the following spells:

 Spells                   Type           Power      Damage    Failure   Level
 Conjure Flame            Conj/Fire      10%        6-21      21%         3
 Inner Flame              Hex/Fire       8%         N/A       26%         3
 Flame Wave               Conj/Fire      10%        2d6       56%         4


Dungeon Overview and Level Annotations

Branches:
Dungeon (3/15)

Altars:

Shops:
D:3 :

Annotations:
D:2 Ijyb


Innate Abilities, Weirdness & Mutations

You regenerate a little health from kills.


Message History

Ijyb is almost dead.
You see here a +0 dagger.
You barely miss Ijyb.
Ijyb is almost dead.
Ijyb barely misses you.
You are too injured to fight recklessly!
You barely miss Ijyb.
Ijyb is almost dead.
Ijyb hits you with a +0 dagger.
* * * LOW HITPOINT WARNING * * *
There is an open door here.
Ijyb screams, "Die!"
Ijyb attacks as you move away! Ijyb hits you with a +0 dagger.
* * * LOW HITPOINT WARNING * * *
Casting: Foxfire (safe; 7% risk of failure)
Confirm with . or Enter, or press ? or * to list all spells.
You conjure some foxfire!
Ijyb closely misses you.
The foxfire hits Ijyb but does no damage.
Ijyb is almost dead.
The foxfire hits Ijyb but does no damage.
Ijyb is almost dead.
You barely miss Ijyb. You punch Ijyb, but do no damage.
Ijyb is almost dead.
Ijyb hits you but does no damage.
You hit Ijyb but do no damage.
Ijyb is almost dead.
Ijyb hits you with a +0 dagger.
* * * LOW HITPOINT WARNING * * *
You hit Ijyb but do no damage.
Ijyb is almost dead.
Ijyb hits you with a +0 dagger.
* * * LOW HITPOINT WARNING * * *
Ijyb attacks as you move away! Ijyb hits you but does no damage.
There is an open door here.
Ijyb attacks as you move away! Ijyb hits you with a +0 dagger.
* * * LOW HITPOINT WARNING * * *
Ijyb attacks as you move away! Ijyb hits you with a +0 dagger.
* * * LOW HITPOINT WARNING * * *
Ijyb attacks as you move away! Ijyb hits you with a +0 dagger.
You die...

.....# #.#### ##.## #. ...###
#....# #.# #. .#.# ####.# #.# #.
...# #.# ##'## #. ...# #.#
##..)## #. ...# ###.# ##.....##
#. #..# ##.#.# ##.......## #.
...#########....###.........####.
.....<..........@g'.........'..).
..##########....###......^..####.
#.# ##.#.# ##.......## ## #.#
###.# ##.....## # #[# #.# ##...##
# #.# #.# ##'## #.# ###.# #.# #.#
####...### #.### #.#
#........#####...###


You could see Ijyb.

Vanquished Creatures
  A dart slug (D:3)
  2 endoplasms
  5 goblins
  6 hobgoblins
  4 jackals (D:2)
  8 kobolds
  A quokka (D:1)
  2 ball pythons
  7 bats
  7 frilled lizards
  2 rats
45 creatures vanquished.

Vanquished Creatures (others)
  78 foxfires
  3 plants (D:2)
81 creatures vanquished.

Grand Total: 126 creatures vanquished

Notes
Turn   | Place    | Note
-------+----------+-------------------------------------------
     0 | D:1      | javelincjr the Demonspawn Fire Elementalist began the quest
                  | for the Orb.
     0 | D:1      | Reached XP level 1. HP: 13/13 MP: 3/3
    17 | D:1      | Found a faded altar of an unknown god.
   100 | D:1      | Reached skill level 3 in Fire Magic
   261 | D:1      | Gained mutation: You regenerate a little health from kills.
                  | [demonic ancestry]
   261 | D:1      | Reached XP level 2. HP: 19/19 MP: 0/5
   512 | D:1      | Learned a level 2 spell: Scorch
  1052 | D:2      | Reached XP level 3. HP: 24/24 MP: 4/6
  1908 | D:3      | Found Difogyc's Book Shoppe.
  1931 | D:3      | Noticed Ijyb
  2564 | D:2      | Slain by Ijyb

Illustrated notes

Levels and vault maps discovered:
D:1:      lemuel_arrival_cross, layout_basic, ebering_ecumenical_altar_ruins
D:2:      layout_loops_corners, serial_bayou_crossing
D:3:      layout_loops_ring, serial_shops, nicolae_shop_statue_plus, uniq_ijyb

Skill      XL: |  1  2 |
---------------+-------+-----
Fire Magic     | 3 |  3.4
Stealth        | 2 |  2.3
Dodging        | 2 |  2.0
Fighting       | |  0.1
Polearms       | |  0.3
Spellcasting   | |  2.3
Conjurations   | |  1.1

Action                   || total
-------------------------++-------
Melee: Spear             ||    51
       Punch             ||     2
 Cast: Foxfire           ||    51
       Scorch            ||    10
 Stab: Sleeping          ||     1
Armor: Robe              ||    23
Dodge: Dodged            ||    42
